Map: Kairos Junction LE

Players

zgalapa

  • Race: Terran Terran
  • League: Master
  • Spawn Location: 5:00

Mez - Winner!

  • Race: Terran Terran
  • League: Master
  • Spawn Location: 11:00

VOD

Have the link to the VOD?

Description

Time

  • Played on: Aug. 11, 2019, 6 p.m.
  • Length: 12:02
Show
View Real Time Build Order
Export as new Build Order

zgalapa Terran 

Build Orders:  

Get SALT Encoding   

  12  0:00  SCV  
  13  0:12  SCV  
  14  0:17  Supply Depot  
  14  0:25  SCV  
  15  0:30  Refinery  
  15  0:44  Barracks  
  15  0:46  SCV  
  16  0:52  Refinery  
  16  0:59  SCV  
  17  1:11  SCV  
  18  1:25  SCV  
  19  1:32  Factory  
  19  1:34  Barracks Reactor  
  19  1:38  Orbital Command  
  19  1:53  Supply Depot  
  19  2:04  SCV  
  20  2:11  Reaper x2  
  22  2:16  Factory Reactor  
  22  2:27  Supply Depot  
  22  2:43  Reaper x2  
  23  2:53  SCV  
  23  2:54  Hellion x2  
  28  3:05  SCV  
  29  3:15  Reaper x2  
  30  3:21  Hellion  
  31  3:28  Hellion  
  33  3:47  Reaper x2  
  30  4:08  Factory Tech Lab  
  29  4:10  Command Center, Barracks x2  
  29  4:12  SCV  
  32  4:26  SCV  
  31  4:39  Factory Tech Lab  
  31  4:42  Starport  
  31  4:44  Stimpack  
  29  4:56  Marine  
  29  4:57  Marine x2  
  32  5:01  Barracks Reactor  
  32  5:02  Siege Tank  
  32  5:05  SCV  
  32  5:07  Supply Depot  
  35  5:17  SCV, Marine  
  37  5:22  Viking x2  
  37  5:23  Orbital Command  
  41  5:29  SCV  
  41  5:32  Marine  
  41  5:33  Marine  
  43  5:51  Marine x3  
  43  5:52  Marine  
  47  6:00  Siege Tank  
  47  6:01  SCV x2  
  47  6:02  Marine  
  53  6:09  Marine  
  53  6:10  Supply Depot  
  54  6:13  SCV  
  52  6:21  Marine x2  
  52  6:22  Marine x2  
  52  6:24  SCV  
  57  6:25  SCV  
  58  6:36  SCV  
  58  6:37  Siege Tank  
  66  6:40  Viking x2  
  66  6:41  Marine x4  
  70  6:48  Supply Depot  
  70  7:09  Marine x5  
  70  7:13  Supply Depot  
  74  7:27  Marine x2  
  61  7:37  Marine x2  
  61  7:51  Marine x2  
  61  7:53  Viking x2  
  63  8:13  SCV x2  
  63  8:17  Engineering Bay x2, Marine x2  
  63  8:18  Marine  
  63  8:19  Armory  
  68  8:23  Viking x2, Command Center  
  68  8:26  Marine x2  
  74  8:35  Marine x2  
  74  8:36  Marine  
  77  8:44  Marine x2  
  79  8:53  Marine x2, Medivac x2  
  79  8:54  Marine  
  86  9:01  Marine  
  86  9:02  Marine  
  83  9:09  SCV  
  85  9:10  SCV  
  85  9:11  Marine  
  85  9:15  Terran Infantry Armor Level 1, Terran Infantry Weapons Level 1, Barracks x2, Supply Depot x2  
  86  9:17  Terran Vehicle Weapons Level 1  
  86  9:22  Marine x2  
  86  9:23  Marine  
  79  9:30  Marine x2  
  49  9:33  Siege Tank  
  49  9:36  Planetary Fortress  
  49  9:38  SCV x2  
  54  9:40  Marine x2  
  54  9:41  Marine  
  57  9:48  Marine x2  
  57  9:50  SCV x2  
  57  9:52  Medivac  
  63  9:58  Marine x2  
  65  10:00  Marine  
  65  10:02  SCV x2  
  65  10:05  Marine  
  69  10:07  Refinery  
  69  10:08  Refinery  
  69  10:12  Marine  
  69  10:14  SCV x2, Marine x2  
  70  10:18  Marine  
  70  10:19  Marine  
  75  10:23  Marine x2  
  77  10:30  Marine  
  77  10:32  Marine x2  
  80  10:36  Marine  
  80  10:37  Marine  
  80  10:40  Marine  
  83  10:46  Marine  
  83  10:48  Marine  
  83  10:49  Marine x2  
  85  10:51  SCV  
  85  10:54  Marine  
  85  10:55  Marine  
  85  10:56  Siege Tank  
  93  10:58  Marine  
  94  11:04  Marine  
  94  11:06  Marine  
  94  11:07  Marine x2  
  98  11:12  Marine  
  98  11:13  Marine  
  98  11:16  Marine  
  91  11:22  Marine  
  91  11:25  Barracks Reactor, Marine  
  80  11:26  Barracks Tech Lab  
  80  11:30  SCV, Marine  
  80  11:31  SCV, Marine  
  84  11:34  SCV, Marine  
  86  11:40  Marine  
  86  11:42  SCV  
  86  11:43  Marine  
Show
View Real Time Build Order
Export as new Build Order

Mez Terran - Winner!

Build Orders: Gas First Reaper Expand 

Get SALT Encoding   

  12  0:00  SCV  
  13  0:13  SCV  
  14  0:17  Supply Depot  
  14  0:25  SCV  
  15  0:32  Refinery  
  15  0:39  SCV  
  16  0:45  Barracks  
  16  0:51  SCV  
  17  1:03  SCV  
  18  1:15  SCV  
  19  1:32  Orbital Command  
  19  1:33  Reaper  
  20  1:48  Command Center  
  20  1:59  Factory  
  20  2:04  SCV  
  21  2:10  Barracks Reactor  
  21  2:15  Supply Depot  
  21  2:17  SCV  
  21  2:21  Refinery  
  22  2:29  SCV  
  23  2:47  Factory Tech Lab  
  23  2:50  Marine x2  
  25  2:51  SCV  
  26  3:04  Orbital Command  
  26  3:07  Bunker, Cyclone  
  26  3:08  Marine x2  
  29  3:27  Marine x2  
  29  3:28  SCV  
  29  3:30  SCV  
  33  3:40  Cyclone, SCV  
  37  3:48  SCV  
  37  3:52  SCV, Starport  
  39  3:56  Marine x2  
  39  4:00  SCV  
  42  4:04  SCV  
  43  4:12  SCV  
  43  4:16  SCV  
  45  4:27  Refinery  
  45  4:32  SCV  
  46  4:43  Factory Tech Lab  
  46  4:49  Command Center  
  46  4:52  Supply Depot x2  
  46  5:03  Barracks  
  46  5:06  Barracks  
  46  5:13  Raven, Siege Tank, SCV, Marine x2  
  46  5:14  SCV  
  55  5:20  Engineering Bay  
  55  5:22  Engineering Bay  
  55  5:25  SCV  
  55  5:26  SCV  
  57  5:32  Marine x2  
  59  5:37  SCV  
  59  5:38  SCV  
  59  5:39  Supply Depot  
  61  5:49  Siege Tank  
  65  5:50  SCV x2  
  65  5:55  Terran Infantry Armor Level 1, Terran Infantry Weapons Level 1  
  65  5:56  Barracks Reactor x2  
  66  6:02  SCV x2  
  66  6:03  Orbital Command  
  68  6:14  SCV x2  
  70  6:26  SCV x2  
  70  6:27  Siege Tank, Refinery  
  73  6:40  Barracks x2  
  73  6:41  Supply Depot  
  73  6:43  Stimpack, Viking x2, Supply Depot  
  77  6:56  Orbital Command  
  77  6:59  Marine x3  
  77  7:00  Marine x2  
  82  7:02  SCV x2  
  84  7:09  Supply Depot  
  84  7:10  Armory  
  84  7:12  Supply Depot  
  84  7:14  SCV x2  
  86  7:17  Marine x4  
  86  7:22  SCV  
  90  7:26  SCV  
  91  7:33  Siege Tank  
  80  7:37  Marine x2  
  76  7:49  Viking x2, Marine  
  76  7:50  Marine x2  
  83  7:55  Marine x2  
  83  7:57  Barracks Reactor x2  
  78  8:00  Supply Depot x2  
  74  8:07  Marine  
  75  8:13  Orbital Command  
  75  8:16  Marine  
  75  8:17  Marine x2  
  75  8:19  Siege Tank  
  81  8:21  Viking, Refinery x2  
  81  8:22  Viking  
  81  8:24  SCV x2  
  87  8:36  SCV x2, Marine  
  87  8:37  Marine x8  
  98  8:44  SCV, Combat Shield  
  98  8:48  SCV x2  
  101  8:51  Cyclone  
  100  9:00  Marine  
  100  9:01  Marine x2  
  101  9:08  Marine x6  
  107  9:13  Medivac x2  
  111  9:18  Marine  
  111  9:19  Marine  
  106  9:24  Marine  
  106  9:26  Marine x6  
  106  9:33  SCV x2  
  106  9:34  SCV  
  106  9:36  Marine x2  
  111  9:41  Terran Infantry Armor Level 2, Terran Infantry Weapons Level 2  
  111  9:42  Marine  
  111  9:43  Marine  
  111  9:44  Marine x2  
  111  9:45  Siege Tank, SCV  
  119  9:58  SCV x3  
  122  10:02  Command Center  
  122  10:05  Terran Vehicle Weapons Level 1  
  122  10:09  Supply Depot x2  
  122  10:11  Marine x6, Supply Depot  
  128  10:17  Marine x3  
  128  10:20  SCV x3  
  131  10:31  Marine x4  
  131  10:35  Siege Tank, Marine x2  
  138  10:36  Medivac x2  
  138  10:50  Marine x7  
  138  10:53  Marine x2  
  144  11:07  Siege Tank  
  144  11:08  Factory, Marine x2  
  135  11:21  Marine x2  
  135  11:22  Marine x5  
  133  11:25  Marine  
  133  11:26  Marine  
  135  11:33  Sensor Tower  
  135  11:39  Marine x4  
  140  11:40  Sensor Tower  
  142  11:47  Barracks  
  142  11:50  Barracks  
  142  11:51  Barracks  
Tags
 
Add a new tag
Caveats
  • Supply blocks, unpowered buildings, or Contaminate may cause inaccurate times.
  • Supply counts are checked every 10 seconds.